 Dungeon Crawl Stone Soup version 0.21.0-3-g78d12a8 (webtiles) character file.

48 tidbits the Sneak (level 3, 14/14 HPs)
             Began as a Felid Air Elementalist on Jan 8, 2018.
             Quit the game on level 2 of the Dungeon.
             The game lasted 00:06:49 (1180 turns).

tidbits the Sneak (Felid Air Elementalist)          Turns: 1180, Time: 00:06:49

Health: 14/14      AC:  1    Str:  5    XL:     3   Next: 50%
Magic:  7/7        EV: 18    Int: 16    God:
Gold:   33         SH:  0    Dex: 16    Spells: 3/6 levels left
                                        Lives:  0   Deaths: 1

rFire    . . .     SeeInvis +     - Unarmed
rCold    . . .     Gourm    .   (shield unavailable)
rNeg     . . .     Faith    .   (armour unavailable)
rPois    .         Spirit   .   (helmet unavailable)
rElec    .         Reflect  .   (cloak unavailable)
rCorr    .         Harm     .   (gloves unavailable)
MR       .....                  (boots unavailable)
Stlth    +++.......             (no amulet)
HPRegen  0.04/turn              (no ring)
MPRegen  0.10/turn              (no ring)

@: quick
A: very small, no armour, no weapons or thrown items, stealth, claws 1, fangs 3,
see invisible, carnivore, speed 1, shaggy fur 1, slow metabolism 1, sharp paws
a: no special abilities


You were on level 2 of the Dungeon.
You were not hungry.

You visited 1 branch of the dungeon, and saw 3 of its levels.

You collected 33 gold pieces.

Inventory:

Scrolls
 d - a scroll of enchant weapon {unknown}
 e - 7 scrolls of identify {unknown}
 f - a scroll of teleportation {unknown}
 j - a scroll of magic mapping {unknown}
 l - a scroll of remove curse {unknown}
Potions
 b - a potion of agility
 g - a potion of mutation {unknown}
 h - a potion of might {unknown}
 i - a potion of flight {unknown}
 k - 2 potions of magic {unknown}
Books
 a - a book of Air

   Spells                             Type                      Level
   a - Shock                          Conjuration/Air              1
   b - Swiftness                      Charms/Air                   2
   c - Static Discharge               Conjuration/Air              3
   d - Airstrike                      Air                          4
   e - Lightning Bolt                 Conjuration/Air              5
Comestibles
 c - 2 rations


   Skills:
 - Level 2.6 Dodging
 + Level 5.2 Stealth
 + Level 2.9 Unarmed Combat
 - Level 2.0 Spellcasting
 - Level 0.8 Conjurations
 - Level 2.6 Air Magic


You had 3 spell levels left.
You knew the following spells:

 Your Spells              Type           Power        Failure   Level  Hunger
a - Shock                 Conj/Air       #...         10%         1    #......
W - Swiftness             Chrm/Air       #.......     19%         2    ###....


Dungeon Overview and Level Annotations

Branches:
Dungeon (3/15)

Altars:


Innate Abilities, Weirdness & Mutations

You cannot wear armour.
You are incapable of wielding weapons or throwing items.
Your paws allow you to move quietly. (Stealth)
You have sharp claws.
You have razor-sharp teeth.
You have supernaturally acute eyesight. (SInv)
You are carnivorous and can eat meat at any time.
You cover ground quickly.
You are covered in fur. (AC +1)
You have a slow metabolism.
Your sharp claws are effective at attacking unaware monsters.


Message History

You see here a stone.
The kobold hits you with a dagger.
* * * LOW HITPOINT WARNING * * *
The kobold throws a stone.
The stone misses you.
You see here a stone.
Casting: Shock
Confirm with . or Enter, or press ? or * to list all spells.
Aiming: Shock
Press: ? - help, Shift-Dir - straight line The zap hits the kobold.
The kobold is heavily wounded.
The zap hits the kobold.
The kobold is severely wounded.
Casting: Shock
Confirm with . or Enter, or press ? or * to list all spells.
Aiming: Shock
Press: ? - help, Shift-Dir - straight line The zap misses the kobold.
The zap hits the kobold.
You kill the kobold!
Things that are here:
a dagger; a kobold corpse A kobold comes into view.
A rat comes into view.
You pounce on the unaware helpless kobold!
You claw the kobold!
You kill the kobold!
You closely miss the rat. The rat completely misses you.
You scratch the rat.
You kill the rat! 2 gnolls come into view.
Found 10 gold pieces.
You see here a rat corpse.
Casting: Shock
Confirm with . or Enter, or press ? or * to list all spells.
Aiming: Shock
Press: ? - help, Shift-Dir - straight line, f - gnoll
Aim: a gnoll, wielding a spear (resting)
The zap hits the gnoll.
The gnoll is moderately wounded.
The gnoll shouts! x2; You hear a shout!
A kobold comes into view. It is wielding a dagger.
Casting: Shock
Confirm with . or Enter, or press ? or * to list all spells.
Aiming: Shock
Press: ? - help, Shift-Dir - straight line, f/p - gnoll
Aim: a gnoll, wielding a spear (moderately wounded)
The zap hits the gnoll.
The gnoll is moderately wounded.
Casting: Shock
Confirm with . or Enter, or press ? or * to list all spells.
Okay, then.
Casting: Shock
Confirm with . or Enter, or press ? or * to list all spells.
Okay, then.
Casting: Shock
Confirm with . or Enter, or press ? or * to list all spells.
Aiming: Shock
Press: ? - help, Shift-Dir - straight line, p - gnoll The zap misses the gnoll. x2
Casting: Shock
Confirm with . or Enter, or press ? or * to list all spells.
Aiming: Shock
Press: ? - help, Shift-Dir - straight line
Okay, then.
You see here a stone.
The kobold throws a stone.
The stone barely misses you.
Things that are here:
a dagger; a kobold corpse The kobold throws a stone.
The stone completely misses you.
Casting: Shock
Confirm with . or Enter, or press ? or * to list all spells.
Aiming: Shock
Press: ? - help, Shift-Dir - straight line, f - kobold
Aim: a kobold, wielding a dagger The zap hits the kobold.
The kobold is severely wounded.
The kobold throws a stone.
The stone misses you.
Casting: Shock
Confirm with . or Enter, or press ? or * to list all spells.
Aiming: Shock
Press: ? - help, Shift-Dir - straight line, f/p - kobold
Aim: a kobold, wielding a dagger (severely wounded)
The zap hits the kobold.
You kill the kobold!
Casting: Shock
Confirm with . or Enter, or press ? or * to list all spells.
Aiming: Shock
Press: ? - help, Shift-Dir - straight line
Okay, then.
Things that are here:
a dagger; a stone; a kobold corpse The gnoll hits you from afar with a halberd!
Ouch! That really hurt!
* * * LOW HITPOINT WARNING * * *
The gnoll hits you with a halberd!
Ouch! That really hurt!
You die...
You are now level 3!
You rejoin the land of the living...
Are you sure you want to abandon this character and quit the game? (Confirm with "yes".)

###....###.#.#
#............#.#
#..##....#####.#
##..##.#... ...
......##### ..
#..### ##...##
#.....# #..@#
#.<## #### #..#
#... #..# #.##
#..# # #.# #..#
#.##.## #..#
#.#...# #..#
#...... #..#
###...#


There were no monsters in sight!

Vanquished Creatures
  Crazy Yiuf (D:2)
  A gnoll (D:1)
  3 adders
  3 leopard geckos (D:1)
  4 bats (D:1)
  A giant cockroach (D:1)
  3 goblins
  2 hobgoblins
  A jackal (D:1)
  7 kobolds
  2 ball pythons
  4 frilled lizards
  6 rats
38 creatures vanquished.

Notes
Turn   | Place    | Note
-------+----------+-------------------------------------------
     0 | D:1      | tidbits the Felid Air Elementalist began the quest for the Orb.
     0 | D:1      | Reached XP level 1. HP: 7/7 MP: 4/4
   113 | D:1      | Reached skill level 3 in Stealth
   150 | D:1      | Reached skill level 1 in Unarmed Combat
   166 | D:1      | Reached XP level 2. HP: 9/11 MP: 3/6
   170 | D:1      | Learned a level 2 spell: Swiftness
   375 | D:2      | Found a runed door.
   379 | D:2      | Noticed Crazy Yiuf
   387 | D:2      | Killed Crazy Yiuf
   387 | D:2      | Reached skill level 4 in Stealth
   387 | D:2      | Reached skill level 2 in Unarmed Combat
   387 | D:2      | Reached XP level 3. HP: 14/14 MP: 4/7
   624 | D:1      | Reached XP level 4. HP: 18/18 MP: 8/8
   870 | D:1      | Reached skill level 5 in Stealth
  1179 | D:2      | Mangled by a gnoll
  1180 | D:2      | Reached XP level 3. HP: -8/14 MP: 6/7
  1180 | D:2      | Quit the game

Skill      XL: |  1  2  3  4 |
---------------+-------------+-----
Stealth        | 3 4 5 |  5.2
Unarmed Combat | 1 2 |  2.9
Dodging        | |  2.6
Spellcasting   | |  2.0
Conjurations   | |  0.8
Air Magic      | |  2.6

Action                   |  1- 3 |  4- 6 || total
-------------------------+-------+-------++-------
Melee: Unarmed           |    21 |    16 ||    37
       Bite              |     1 |       ||     1
 Cast: Shock             |    22 |    21 ||    43
 Stab: Sleeping          |     9 |     7 ||    16
  Eat: Chunk             |     1 |       ||     1
Dodge: Dodged            |    21 |    21 ||    42

Table legend:
 A = Turns spent in this place as a percentage of turns spent in the entire game.
 B = Non-inter-level travel turns spent in this place as a percentage of non-inter-level travel turns spent in the entire game.
 C = Inter-level travel turns spent in this place as a percentage of turns spent in this place.
 D = Turns resting spent in this place as a percentage of non-inter-level travel turns spent in this place.
 E = Turns spent auto-exploring this place as a percentage of non-inter-level travel turns spent in this place.
 F = Non-inter-level travel turns spent in this place divided by the number of levels of this place that you've seen.
                   A       B       C       D       E      F
               +-------+-------+-------+-------+-------+----------------------
         Total | 100.0 | 100.0 |  14.2 |   0.0 |   0.0 | 337.7
       Dungeon | 100.0 | 100.0 |  14.2 |   0.0 |   0.0 | 337.7
               +-------+-------+-------+-------+-------+----------------------

Table legend:
 A = Kills in this place as a percentage of kills in entire the game.
 B = Kills by you in this place as a percentage of kills by you in the entire game.
 C = Kills by friends in this place as a percentage of kills by friends in the entire game.
 D = Other kills in this place as a percentage of other kills in the entire game.
 E = Experience gained in this place as a percentage of experience gained in the entire game.
 F = Experience gained in this place divided by the number of levels of this place that you have seen.
                   A       B       C       D       E      F
               +-------+-------+-------+-------+-------+----------------------
         Total | 100.0 | 100.0 |   N/A |   N/A | 100.0 |  49.3
       Dungeon | 100.0 | 100.0 |   N/A |   N/A | 100.0 |  49.3
               +-------+-------+-------+-------+-------+----------------------

Vault maps used:
D:1:      saegor_arrival_simple_c
D:2:      uniq_crazy_yiuf_cottage
D:3:      xom_redecorated
